 Dungeon Crawl Stone Soup version 0.29.1-2-gbd0b4ee654 (webtiles) character file.

Game seed: 11819088652891201907

2994 Descartes the Covert (level 9, -5/39 HPs)
             Began as a Spriggan Wanderer on Nov 26, 2022.
             Engulfed by a steam dragon's steam (7 damage)
             ... on level 7 of the Dungeon.
             The game lasted 00:25:37 (6985 turns).

Descartes the Covert (Spriggan Wanderer)            Turns: 6985, Time: 00:25:38

Health: -5/39      AC:  3    Str:  6    XL:     9   Next: 54%
Magic:  15/16      EV: 23    Int: 19    God:
Gold:   281        SH:  5    Dex: 15    Spells: 6/16 levels left

rFire   . . .      SeeInvis +   C - +4 quarterstaff (chaos)
rCold   . . .      Faith    .   (shield currently unavailable)
rNeg    . . .      Spirit   .   d - +0 robe
rPois   .          Reflect  +   (helmet restricted)
rElec   .          Harm     .   w - +0 cloak
rCorr   .          Rampage  .   (gloves unavailable)
Will    ++...                   (boots unavailable)
Stlth   +++++.....              r - amulet of reflection
HPRegen 0.13/turn               K - ring of willpower
MPRegen 0.15/turn               (no ring)

@: very quick
A: very small, no large weapons, unfitting armour, see invisible, speed 3
a: no special abilities


You were on level 7 of the Dungeon.
You visited 1 branch of the dungeon, and saw 7 of its levels.
You also visited: Ossuary.

You collected 281 gold pieces.

Inventory:

Hand Weapons
 q - a +1 dagger of speed
 u - a +0 whip of flaming
 C - a +4 quarterstaff of chaos (weapon)
 E - a +0 sling of flaming
Missiles
 b - 15 boomerangs (quivered)
 x - 5 silver boomerangs
 z - 6 poisoned darts
Armour
 d - a +0 robe (worn)
 w - a +0 cloak (worn)
Jewellery
 p - a ring of fire
 r - an amulet of reflection (around neck)
 K - a ring of willpower (left hand)
Wands
 F - a wand of polymorph (4)
Scrolls
 a - a scroll of magic mapping
 e - a scroll of poison {unknown}
 j - 5 scrolls of fear {unknown}
 k - 4 scrolls of teleportation
 m - a scroll of brand weapon {unknown}
 o - 2 scrolls of fog
 s - 2 scrolls of enchant weapon {unknown}
 t - a scroll of enchant armour {unknown}
 v - 2 scrolls of immolation {unknown}
 y - a scroll of summoning {unknown}
 A - 4 scrolls of vulnerability
 D - a scroll of blinking {unknown}
 H - 2 scrolls of torment {unknown}
 J - a scroll of amnesia {unknown}
Potions
 c - a potion of berserk rage
 f - 4 potions of mutation {unknown}
 g - a potion of invisibility {unknown}
 h - 2 potions of curing
 i - 2 potions of brilliance {unknown}
 l - 2 potions of attraction {unknown}
 n - 4 potions of heal wounds
 B - 4 potions of lignification
 G - a potion of haste {unknown}
 I - a potion of might {unknown}


   Skills:
 - Level 3.0 Throwing
 + Level 10.1 Dodging
 + Level 11.8 Stealth
 - Level 4.0 Spellcasting
 + Level 7.5 Earth Magic


You had 6 spell levels left.
You knew the following spells:

 Your Spells              Type           Power      Damage    Failure   Level
a - Sandblast             Erth           64%        2d14      1%          1
b - Stone Arrow           Conj/Erth      36%        3d9       9%          3
c - Iron Shot             Conj/Erth      9%         9d3       99%         6

Your spell library contained the following spells:

 Spells                   Type           Power      Damage    Failure   Level
 Slow                     Hex            12%        N/A       14%         1
 Static Discharge         Conj/Air       3%         3-4/arc   21%         2
 Animate Armour           Summ/Erth      36%        N/A       28%         4
 Leda's Liquefaction      Hex/Erth       9%         N/A       28%         4
 Dazzling Flash           Conj/Hex       6%         N/A       38%         3
 Blade Hands              Tmut           1%         N/A       98%         5
 Lightning Bolt           Conj/Air       1%         1d12      98%         5
 Maxwell's Capacitive Co  Air            1%         ∞         100%        8


Dungeon Overview and Level Annotations

Branches:
Dungeon (7/15)            Ossuary (visited)
 Temple: D:4-7

Altars:
Qazlal


Innate Abilities, Weirdness & Mutations

You are very small and have problems with some larger weapons.
You are too small for most types of armour.
You have supernaturally acute eyesight. (SInv)
You cover ground extremely quickly. (Speed+++)


Message History

You see here a +0 giant club.
Found an escape hatch in the floor.
There is an escape hatch in the floor here.
Found a stone staircase leading down.
There is a stone staircase leading down here.
Found a stone staircase leading up.
There is a stone staircase leading up here.
z - 6 poisoned darts (gained 4)
You now have 281 gold pieces (gained 14).
Done exploring.
Done exploring.
There is a stone staircase leading up here.
There is a stone staircase leading down here.
You climb downwards.
There is a stone staircase leading up here.
A centaur comes into view.
The centaur shouts!
The centaur wields a +0 shortbow.
The centaur shoots an arrow.
The arrow hits you.
The centaur shoots an arrow.
The arrow barely misses you.
You hear an angry hiss.
The centaur shoots an arrow.
The arrow hits you.
A steam dragon comes into view.
Casting: Sandblast (safe; 1% risk of failure)
Confirm with . or Enter, or press ? or * to list all spells.
Aiming: Sandblast (safe; 1% risk of failure)
Press: ? - help, Shift-Dir - straight line, f - steam dragon
Aim: a steam dragon (84% to hit)
The blast of sand hits the steam dragon!
The steam dragon is moderately wounded.
The centaur shoots an arrow.
The arrow hits you!
The centaur shoots an arrow.
The arrow completely misses you.
The centaur shoots an arrow.
The arrow hits you! The steam dragon breathes steam at you.
The ball of steam hits you!
* * * LOW HITPOINT WARNING * * *
You are engulfed in a cloud of scalding steam.
* * * LOW HITPOINT WARNING * * *
You are engulfed in a cloud of scalding steam.
You die...

#######
#...§§#
#...§§#
#...§@#
#...§§#
#...§§#
#....§#
#####§#
.......D#
.........
..........
......c....


There were no monsters in sight!

Vanquished Creatures
  Pikel (D:4)
  2 water moccasins (D:5)
  A black bear (D:6)
  2 ogres (D:6)
  A centaur (D:5)
  A phantom (D:5)
  18 scorpions
  4 centaur zombies (Ossuary)
  A gnoll bouda (D:4)
  3 human zombies (Ossuary)
  2 jellies
  An orc priest (D:6)
  Crazy Yiuf (D:4)
  2 iguanas (D:5)
  Natasha (thrice) (D:2)
  3 orc wizards
  3 scorpion zombies (Ossuary)
  Robin (D:2)
  3 mummies (Ossuary)
  4 gnolls (D:4)
  5 adders
  An ufetubus (D:6)
  A worm (D:4)
  5 dart slugs
  14 orcs
  6 ball pythons
  3 bats
  2 endoplasms
  5 hobgoblins
  4 kobolds
  A quokka (D:4)
  A frilled lizard (D:3)
  11 goblins
  A goblin zombie (Ossuary)
  3 hobgoblin zombies (Ossuary)
  5 kobold zombies (Ossuary)
  2 orc zombies (Ossuary)
  2 rats
129 creatures vanquished.

Vanquished Creatures (others)
  25 plants (D:4)
25 creatures vanquished.

Grand Total: 154 creatures vanquished

Notes
Turn   | Place    | Note
-------+----------+-------------------------------------------
     0 | D:1      | Descartes the Spriggan Wanderer began the quest for the
                  | Orb.
     0 | D:1      | Descartes set off with the following items: a +0 dagger, 10
                  | boomerangs, a potion of berserk rage, a +0 robe; and the
                  | following spells available to memorise: Sandblast, Slow,
                  | Stone Arrow, Dazzling Flash, Leda's Liquefaction.
     0 | D:1      | Reached XP level 1. HP: 9/9 MP: 6/6
     2 | D:1      | Learned a level 1 spell: Sandblast
   205 | D:1      | Reached skill level 1 in Stealth
   393 | D:1      | Reached XP level 2. HP: 13/13 MP: 6/8
   816 | D:1      | Found a faded altar of an unknown god.
   998 | D:2      | Noticed Natasha
  1004 | D:2      | Killed Natasha
  1005 | D:2      | Reached skill level 2 in Stealth
  1005 | D:2      | Reached XP level 3. HP: 16/16 MP: 5/9
  1009 | D:2      | Learned a level 3 spell: Stone Arrow
  1268 | D:2      | Found a stormy altar of Qazlal.
  1366 | D:2      | Noticed Natasha
  1384 | D:2      | Killed Natasha
  1385 | D:2      | Reached skill level 3 in Stealth
  1385 | D:2      | Reached XP level 4. HP: 15/21 MP: 7/11
  1416 | D:2      | Noticed Robin
  1419 | D:2      | Killed Robin
  1668 | D:2      | Noticed Natasha
  1674 | D:2      | Killed Natasha
  2066 | D:3      | Reached skill level 4 in Stealth
  2344 | D:4      | Reached XP level 5. HP: 22/24 MP: 6/12
  2552 | D:3      | Reached skill level 5 in Stealth
  2635 | D:4      | Noticed a lemure
  2748 | D:3      | Reached XP level 6. HP: 9/28 MP: 7/13
  3031 | D:4      | Reached skill level 5 in Dodging
  3198 | D:4      | Found a runed translucent door.
  3199 | D:4      | Noticed Crazy Yiuf
  3274 | D:4      | Reached skill level 6 in Stealth
  3319 | D:4      | Noticed Pikel
  3504 | D:4      | Killed Pikel
  3505 | D:4      | Reached skill level 7 in Stealth
  3505 | D:4      | Reached skill level 5 in Earth Magic
  3505 | D:4      | Reached XP level 7. HP: 32/32 MP: 5/14
  3667 | D:4      | Reached skill level 8 in Stealth
  4192 | D:4      | Killed Crazy Yiuf
  4193 | D:4      | Reached XP level 8. HP: 36/36 MP: 12/15
  4274 | D:5      | Entered Level 5 of the Dungeon
  4746 | D:5      | Reached skill level 9 in Stealth
  4787 | D:5      | Learned a level 6 spell: Iron Shot
  5115 | D:6      | Found a sand-covered staircase.
  5120 | Ossuary  | Entered an ossuary
  5161 | Ossuary  | Reached skill level 10 in Stealth
  5488 | Ossuary  | Reached XP level 9. HP: 39/39 MP: 13/16
  5770 | Ossuary  | Reached skill level 11 in Stealth
  6235 | D:6      | Reached skill level 10 in Dodging
  6985 | D:7      | Engulfed by a steam dragon's steam

Illustrated notes

Levels and vault maps discovered:
D:1:      dpeg_arrival_shelter, layout_loops_corners,
          chequers_ecumenical_altar_grove
D:2:      layout_rooms, basic_altar, dk_noncrumbling_3, uniq_robin, uniq_natasha
D:3:      layout_basic, chequers_serial_rivers_small_b,
          nicolae_figureground_sparkle
D:4:      layout_loops_cross, kennysheep_decorative_pillar,
          serial_bayou_lagoon_a, uniq_crazy_yiuf_cottage, uniq_pikel
D:5:      layout_basic, serial_corexii_hall, chequers_hall_statues_corner_a,
          chequers_hall_statues_wall_a, corexii_hall_statues_u,
          chequers_hall_statues_wall_a
D:6:      layout_loops_ring, enter_ossuary_5, nicolae_benzene_ring,
          roderic_roman_lattice
D:7:      kennysheep_slugbush, layout_gridville, minitemple,
          minmay_temple_entry_statues_pillars, wad_rectangle_vault

Skill      XL: |  1  2  3  4  5  6  7  8  9 |
---------------+----------------------------+-----
Stealth        | 1 2 3 4 5 7 8 10 11 | 11.8
Dodging        | 2 3 4 6 7 9 10 | 10.1
Earth Magic    | 3 4 5 6 7 |  7.5
Throwing       | |  3.0
Spellcasting   | |  4.0

Action                   |  1- 3 |  4- 6 |  7- 9 || total
-------------------------+-------+-------+-------++-------
Melee: Quarterstaff      |       |       |     3 ||     3
Throw: Dart              |       |     3 |       ||     3
 Cast: Sandblast         |    34 |    92 |   199 ||   325
  Use: Scroll            |       |       |     9 ||     9
 Stab: Sleeping          |       |       |     3 ||     3
Armor: Robe              |       |     3 |     9 ||    12
Dodge: Dodged            |    11 |    18 |   103 ||   132
Block: Other             |       |     2 |    17 ||    19
       Reflection        |       |       |     1 ||     1
